 Dungeon Crawl Stone Soup version 0.21.1-1-g345015fe64 (webtiles) character file.

71 Wolfborn the Skirmisher (level 4, -4/35 HPs)
             Began as a Demonspawn Abyssal Knight on Apr 15, 2018.
             Was a Believer of Lugonu.
             Slain by an ogre
             ... wielding a cursed -3 giant club
              (26 damage)
             ... on level 4 of the Dungeon.
             The game lasted 00:16:51 (2370 turns).

Wolfborn the Skirmisher (Demonspawn Abyssal Knight) Turns: 2370, Time: 00:16:52

Health: -4/35      AC:  7    Str: 14    XL:     4   Next: 5%
Magic:  6/6        EV: 12    Int: 13    God:    Lugonu [**....]
Gold:   97         SH:  0    Dex: 12    Spells: 3/3 levels left

rFire    . . .     SeeInvis .   a - +2 falchion
rCold    . . .     Gourm    .   (no shield)
rNeg     . . .     Faith    .   u - +0 leather armour
rPois    .         Spirit   .   (no helmet)
rElec    .         Reflect  .   h - +0 cloak
rCorr    .         Harm     .   (no gloves)
MR       +....                  (no boots)
Stlth    +.........             (no amulet)
HPRegen  0.11/turn              s - ring of protection from magic
MPRegen  0.10/turn              (no ring)

@: no status effects
A: hooves 1, yellow scales 2
a: Depart the Abyss, Bend Space, Renounce Religion


You were on level 4 of the Dungeon.
You worshipped Lugonu.
Lugonu was pleased with you.
You were hungry.

You visited 1 branch of the dungeon, and saw 3 of its levels.
You visited the Abyss 1 time.

You collected 97 gold pieces.

Inventory:

Hand Weapons
 a - a +2 falchion (weapon)
 v - a +0 flail
Missiles
 i - 104 arrows
 r - 25 poisoned needles
Armour
 b - a +0 leather armour
 d - a +0 leather armour
 h - a +0 cloak (worn)
 p - a +0 leather armour
 u - a +0 leather armour (worn)
Jewellery
 s - a ring of protection from magic (left hand)
Scrolls
 e - a scroll of identify
 n - a scroll of remove curse
 o - a scroll of teleportation {unknown}
 q - a scroll of enchant armour {unknown}
 t - a scroll of immolation {unknown}
Potions
 f - a potion of degeneration
 j - 5 potions of haste
 k - a potion of invisibility {unknown}
 l - 3 potions of curing {unknown}
 m - 2 potions of might {unknown}
Comestibles
 c - 4 rations


   Skills:
 + Level 3.5 Fighting
 - Level 1.7 Long Blades
 + Level 2.5 Armour
 + Level 1.9 Dodging
 + Level 3.3 Invocations


You had 3 spell levels left.
You didn't know any spells.

Dungeon Overview and Level Annotations

Branches:
Dungeon (4/15)
 Temple: D:4-7

Altars:


Innate Abilities, Weirdness & Mutations

You have large cloven feet.
You are mostly covered in yellow scales. (AC +3)


Message History

Unknown command.
You start removing your armour.
You continue taking off your +0 leather armour. x4
You finish taking off your +0 leather armour.
You start putting on your armour.
You continue putting on your leather armour. x5
You finish putting on your +0 leather armour.
There is an escape hatch in the ceiling here.
You are feeling hungry.
There is an escape hatch in the floor here.
An ogre comes into view. It is wielding a giant club.
The ogre hits you with a giant club!
You hit the ogre. You kick the ogre, but do no damage.
The ogre is lightly wounded.
The ogre misses you.
You hit the ogre.
The ogre is moderately wounded.
The ogre hits you with a giant club!!
Ouch! That really hurt!
You die...

## #### #. #..# #.#
#..# ... #..##
##.#########.>.#
............<#.###
..........####...##
..........# ###..#.#
..........# #@...#
..........######O#.##
..........#......#.#
.......[....# #### #
...........###
...............
..#........####
.##........#
..#........###


You could see an ogre.

Vanquished Creatures
  An adder (D:2)
  An ooze (D:2)
  A worm (D:2)
  4 dart slugs
  A leopard gecko (D:1)
  4 bats
  3 giant cockroaches
  7 goblins
  6 hobgoblins
  A quokka (D:2)
  2 frilled lizards
  2 kobolds (D:1)
  A quokka skeleton (D:4)
  10 rats
  A plant (D:1)
45 creatures vanquished.

Notes
Turn   | Place    | Note
-------+----------+-------------------------------------------
     0 | Abyss:1  | Wolfborn the Demonspawn Abyssal Knight began the quest for the Orb.
     0 | Abyss:1  | Reached XP level 1. HP: 18/18 MP: 2/2
    32 | Abyss:1  | Noticed a golden eye
    64 | Abyss:1  | Found a corrupted altar of Lugonu.
   159 | D:1      | Escaped the Abyss
   267 | D:1      | Reached skill level 1 in Dodging
   526 | D:1      | Gained mutation: You are partially covered in yellow scales. (AC +2) [demonic ancestry]
   526 | D:1      | Reached XP level 2. HP: 20/24 MP: 4/4
  1129 | D:1      | Reached ** piety under Lugonu
  1190 | D:1      | Gained mutation: You have large cloven feet. [demonic ancestry]
  1190 | D:1      | Reached XP level 3. HP: 27/29 MP: 5/5
  2102 | D:2      | Gained mutation: You are mostly covered in yellow scales. (AC +3) [demonic ancestry]
  2102 | D:2      | Reached XP level 4. HP: 35/35 MP: 6/6
  2285 | D:2      | You fall through a shaft for 2 floors!
  2367 | D:4      | Noticed an ogre
  2370 | D:4      | Slain by an ogre

Skill      XL: |  1  2 |
---------------+-------+-----
Dodging        | 1 |  1.9
Armour         | 2 |  2.5
Invocations    | 3 |  3.3
Fighting       | |  3.5
Long Blades    | |  1.7

Action                   |  1- 3 |  4- 6 || total
-------------------------+-------+-------++-------
Melee: Falchion          |   158 |    15 ||   173
       Kick              |    43 |     1 ||    44
  Use: Scroll            |     3 |     2 ||     5
       Potion            |     2 |       ||     2
 Stab: Sleeping          |     1 |       ||     1
  Eat: Ration            |     1 |       ||     1
       Chunk             |       |     1 ||     1
Armor: Leather armour    |    34 |     4 ||    38
Dodge: Dodged            |    68 |    11 ||    79
       Rpst.: Falchion   |    25 |     2 ||    27
